 Dungeon Crawl Stone Soup version 0.26-a0-812-g31a745ddcd (webtiles) character file.

Game seed: 16691886689486866619

645 kae the Chopper (level 7, -4/62 HPs)
             Began as a Hill Orc Fighter on Dec 9, 2020.
             Killed by nerve-wracking pain
             ... invoked by an orc priest
              (14 damage)
             ... on level 5 of the Dungeon.
             The game lasted 00:02:26 (4516 turns).

kae the Chopper (Hill Orc Fighter)                  Turns: 4516, Time: 00:02:27

Health: -4/62      AC: 14    Str: 21    XL:     7   Next: 52%
Magic:  7/7        EV:  4    Int:  8    God:
Gold:   145        SH:  9    Dex: 10    Spells: 6/6 levels left

rFire    . . .     SeeInvis .   a - +0 war axe
rCold    . . .     Faith    .   c - +0 kite shield
rNeg     . . .     Spirit   .   o - +0 plate armour
rPois    .         Reflect  .   (no helmet)
rElec    .         Harm     .   (no cloak)
rCorr    .         Rampage  .   l - +1 pair of gloves
MR       .....                  (no boots)
Stlth    ..........             (no amulet)
HPRegen  0.20/turn              (no ring)
MPRegen  0.10/turn              (no ring)

@: no status effects
A: no striking features
a: Convert to Beogh


You were on level 5 of the Dungeon.
You visited 1 branch of the dungeon, and saw 5 of its levels.

You collected 145 gold pieces.

Inventory:

Hand Weapons
 a - a +0 war axe (weapon)
Armour
 b - a +0 scale mail
 c - a +0 kite shield (worn)
 l - a +1 pair of gloves (worn)
 o - a +0 plate armour (worn)
Jewellery
 j - an uncursed ring of stealth {unknown}
 m - a cursed ring of attention {unknown}
 r - an uncursed amulet of the acrobat {unknown}
 s - an uncursed ring of magical power {unknown}
Scrolls
 e - 3 scrolls of amnesia {unknown}
 g - 6 scrolls of identify {unknown}
 h - 2 scrolls of enchant armour {unknown}
 i - 2 scrolls of blinking {unknown}
 k - 2 scrolls of remove curse {unknown}
 n - a scroll of teleportation {unknown}
 p - 2 scrolls of fear {unknown}
 t - a scroll of fog {unknown}
Potions
 d - 4 potions of might
 f - a potion of curing
 q - a potion of attraction {unknown}


   Skills:
 + Level 5.6 Fighting
 * Level 7.3 Axes
 + Level 5.2 Armour
 - Level 2.0 Dodging
 - Level 3.2 Shields


You had 6 spell levels left.
You didn't know any spells.
Your spell library was empty.

Dungeon Overview and Level Annotations

Branches:
Dungeon (5/15)
 Temple: D:4-7

Altars:
Ashenzari
Fedhas
Sif Muna
Trog
The Shining One

Annotations:
D:4 Menkaure


Message History

You are too injured to fight recklessly!
You hit the orc priest but do no damage.
The orc priest is lightly wounded.
You block the orc priest's attack.
You are too injured to fight recklessly!
You are too injured to fight recklessly!
The orc priest shouts, "Join the one true god or die!"
You slash the orc priest!
The orc priest is almost dead.
You block the orc priest's attack.
You hit the orc priest.
The orc priest is almost dead.
The orc priest hits you but does no damage.
The orc hits you but does no damage.
You hit the orc.
The orc is heavily wounded.
You hit the orc priest but do no damage.
The orc priest invokes the aid of Beogh against you.
Pain shoots through your body!
You die...

###
#.###
#oo.#
#@#.#
#.#o#
#.#o#
#.#o#
#.#o#
#.#.#
#.#o#
#.#.#
#.#


You could see an orc priest and an orc.

Vanquished Creatures
  Edmund (D:4)
  3 ogres (D:4)
  A hound (D:4)
  An iguana (D:4)
  An orc wizard (D:3)
  Robin (D:2)
  4 gnolls
  A worker ant zombie (D:5)
  An adder (D:3)
  An ooze (D:1)
  5 worms
  A dart slug (D:3)
  6 leopard geckos
  9 orcs
  4 bats
  A giant cockroach (D:1)
  14 goblins
  10 hobgoblins
  7 jackals
  A quokka (D:4)
  2 ball pythons (D:1)
  5 frilled lizards
  10 kobolds
  4 rats
94 creatures vanquished.

Notes
Turn   | Place    | Note
-------+----------+-------------------------------------------
     0 | D:1      | kae the Hill Orc Fighter began the quest for the Orb.
     0 | D:1      | Reached XP level 1. HP: 19/19 MP: 1/1
   116 | D:1      | Reached skill level 3 in Axes
   116 | D:1      | Reached XP level 2. HP: 19/27 MP: 2/2
   459 | D:1      | Reached XP level 3. HP: 30/33 MP: 3/3
  1065 | D:1      | Reached skill level 4 in Axes
  1203 | D:2      | Reached skill level 1 in Dodging
  1204 | D:2      | Reached XP level 4. HP: 40/40 MP: 4/4
  1241 | D:2      | Found a glowing golden altar of the Shining One.
  1336 | D:2      | Noticed Robin
  1358 | D:2      | Killed Robin
  1585 | D:2      | Found a shimmering blue altar of Sif Muna.
  1621 | D:2      | Found a blossoming altar of Fedhas.
  1628 | D:2      | Reached XP level 5. HP: 47/47 MP: 5/5
  1832 | D:2      | Found a broken altar of Ashenzari.
  2523 | D:4      | Reached skill level 5 in Axes
  2693 | D:4      | Noticed Edmund
  2738 | D:4      | Killed Edmund
  2738 | D:4      | Reached XP level 6. HP: 40/55 MP: 6/6
  2847 | D:4      | Noticed Menkaure
  2887 | D:4      | Reached skill level 5 in Fighting
  2887 | D:4      | Reached skill level 6 in Axes
  3080 | D:4      | Reached XP level 7. HP: 61/61 MP: 7/7
  3146 | D:4      | Reached skill level 5 in Armour
  3376 | D:4      | Reached skill level 7 in Axes
  3574 | D:4      | Found a bloodstained altar of Trog.
  4447 | D:5      | Entered Level 5 of the Dungeon
  4516 | D:5      | Killed from afar by an orc priest

Illustrated notes

Levels and vault maps discovered:
D:1:      lemuel_arrival_muddy, layout_basic
D:2:      layout_basic, lemuel_round_altar, nicolae_ashenzari_panopticon,
          fedhas_altar_1, tso_metal_star, grunt_ministairs_13, hex_large,
          kennysheep_generic_room_15, uniq_robin
D:3:      layout_basic
D:4:      layout_basic, minmay_misc_feat_rugged, trog_butcher_becter,
          uniq_edmund, uniq_menkaure
D:5:      layout_basic, skrybe_limestone_x

Skill      XL: |  1  2  3  4  5  6  7 |
---------------+----------------------+-----
Axes           | 3 4 5 6 7 |  7.3
Fighting       | 4 5 |  5.6
Dodging        | 1 2 |  2.0
Armour         | 4 5 |  5.2
Shields        | |  3.2

Action                   |  1- 3 |  4- 6 |  7- 9 || total
-------------------------+-------+-------+-------++-------
Melee: War axe           |   108 |   141 |   101 ||   350
  Use: Potion            |       |     5 |       ||     5
 Stab: Invisible         |       |     1 |       ||     1
Armor: Scale mail        |    34 |    34 |       ||    68
       Plate armour      |       |    32 |    59 ||    91
Dodge: Dodged            |    30 |    25 |    19 ||    74
Block: Kite shield       |    62 |    68 |    43 ||   173

Table legend: (Time is in decaauts)
 A = Elapsed time spent in this place.
 B = Non-inter-level travel time spent in this place.
 C = Inter-level travel time spent in this place.
 D = Time resting spent in this place.
 E = Time spent auto-exploring this place.
 F = Levels seen in this place.
 G = Mean time per level.
                   A        B        C        D        E       F      G
               +--------+--------+--------+--------+--------+-----+--------+
         Total |   4615 |   4419 |    196 |     18 |   3683 |   5 |  923.0 |
       Dungeon |   4615 |   4419 |    196 |     18 |   3683 |   5 |  923.0 |
               +--------+--------+--------+--------+--------+-----+--------+

Top non-repeatable levels by time:
     D:1: 1245 daAuts
     D:2: 1195 daAuts
     D:4: 1166 daAuts
     D:3: 933 daAuts
     D:5: 74 daAuts
